 Dungeon Sprint DCSS version 0.28.0-43-g3370ac3207 (webtiles) character file.

Game seed: 9128396209728219115

1508 boopmooplesden the Severer (level 8, -4/89 HPs)
             Began as a Minotaur Berserker on Mar 8, 2022.
             Was a High Priest of Trog.
             Slain by a polar bear (13 damage)
             ... in the Dungeon (Sprint II: "The Violet Keep of Menkaure").
             The game lasted 00:01:55 (530 turns).

boopmooplesden the Severer (Minotaur Berserker)      Turns: 530, Time: 00:01:57

Health: -4/89      AC: 11    Str: 25    XL:     8   Next: 53%
Magic:  7/7        EV: 10    Int:  4    God:    Trog [*****.]
Gold:   162        SH:  0    Dex:  9    Spells: 7/7 levels left

rFire   . . .      SeeInvis .   a - +0 hand axe
rCold   . . .      Faith    .   (no shield)
rNeg    + . .      Spirit   .   i - +1 chain mail {rPois}
rPois   +          Reflect  .   (helmet restricted)
rElec   .          Harm     .   (no cloak)
rCorr   .          Rampage  .   (no gloves)
Will    .....      NoTele   +   (no boots)
Stlth   ..........              (no amulet)
HPRegen 0.24/turn               j - ring "Igifecirch" {Fly rPois rN+}
MPRegen 0.10/turn               (no ring)

@: lethally poisoned (-4 -> -6), on berserk cooldown, flying, slowed, very slow
A: horns 2, retaliatory headbutt
a: Renounce Religion, Berserk, Trog's Hand, Brothers in Arms


You were in the Dungeon.
You worshipped Trog.
Trog was extremely pleased with you.
You visited 1 branch You collected 729 gold pieces.
You spent 567 gold pieces at shops.

Inventory:

Hand Weapons
 a - a +0 hand axe (weapon)
Armour
 b - a +0 animal skin
 i - a +1 chain mail of poison resistance (worn)
Jewellery
 j - the ring "Igifecirch" (left hand) {Fly rPois rN+}
   (You bought it in a shop in the Dungeon)

   [ring of positive energy]

   rPois:     It protects you from poison.
   rN:        It protects you from negative energy.
   Fly:       It grants you flight.
Scrolls
 h - a scroll of blinking
Potions
 c - a potion of curing
 e - a potion of haste
 f - 2 potions of magic
 g - a potion of berserk rage


   Skills:
 + Level 14.0 Fighting
 + Level 15.0 Axes
 + Level 7.9 Armour
 + Level 7.4 Dodging


You had 7 spell levels left.
You didn't know any spells.
Your spell library was empty.

Dungeon Overview and Level Annotations

Branches:
Dungeon (1/1)

Altars:
Cheibriados
Dithmenos
Elyvilon
Fedhas
Gozag
Kikubaaqudgha
Makhleb
Nemelex Xobeh
Okawaru
Sif Muna
Trog
Uskayaw
Vehumet
Zin
Beogh
Jiyva
Lugonu

Shops:
D ::?[[![((=?=[=!

Annotations:
D exclusion: oklob plant


Innate Abilities, Weirdness & Mutations

You have a pair of horns on your head.
You reflexively headbutt those who attack you in melee.


Message History

You slash the yaktaur!
The yaktaur is moderately wounded.
You barely miss the polar bear.
You are no longer berserk.
You are exhausted.
You feel yourself slow down.
You barely miss the yaktaur.
You headbutt the yaktaur, but do no damage.
The yaktaur is moderately wounded.
You hit the polar bear.
You feel sick.
The yaktaur hits you but does no damage.
The polar bear barely misses you. You furiously retaliate!
You headbutt the polar bear.
The polar bear claws you but does no damage. x2
You slash the yaktaur! Your headbutt misses the yaktaur.
The yaktaur is heavily wounded.
You barely miss the polar bear.
You feel sick. The yaktaur barely misses you.
The polar bear barely misses you. x2; The polar bear claws you.
* * * LOW HITPOINT WARNING * * *
You slash the yaktaur!
The yaktaur is severely wounded.
You closely miss the polar bear.
You feel sick.
The yaktaur hits you but does no damage.
The polar bear bites you!
* * * LOW HITPOINT WARNING * * *
The polar bear claws you but does no damage.
The polar bear claws you.
* * * LOW HITPOINT WARNING * * *
You feel much better.
You feel sick. The yaktaur hits you. The polar bear bites you!
* * * LOW HITPOINT WARNING * * *
The polar bear claws you but does no damage. x2
You hit the yaktaur. You headbutt the yaktaur.
The yaktaur is almost dead.
You hit the polar bear.
You feel sick.
A water moccasin comes into view.
The yaktaur hits you!
* * * LOW HITPOINT WARNING * * *
The polar bear bites you!
You die...

## #. .##.### +.### ..
...# ...#### B ###..##
#..##$# ###.##..#
+..#..# ##.÷.#..#
#..#hc#
.'##.+..####..##@#
##...#....###..S##▓▓▓
###.##...§.§≈≈≈≈≈≈≈≈≈≈≈
.####≈≈....§≈#+########
..#≈≈≈≈≈§≈..≈#....._._#
.##≈≈≈§§§≈§§≈#...._._.#
##≈≈≈≈≈≈§≈≈≈≈#..._._._#
≈≈≈≈≈≈§§§§§§≈#.._._._.#
+++#≈≈≈§§§≈§≈#._._._._#


You could see a polar bear, a yaktaur and a water moccasin (wandering).

Vanquished Creatures
  A merfolk siren (D)
  2 polar bears (D)
  A hornet (D)
  Menkaure (D)
  4 necrophages (D)
  A scorpion (D)
  3 worms (D)
13 creatures vanquished.

Notes
Turn   | Place    | Note
-------+----------+-------------------------------------------
     0 | D        | boopmooplesden the Minotaur Berserker began the quest for
                  | the Orb.
     0 | D        | Reached XP level 1. HP: 19/19 MP: 0/0
     1 | D        | Noticed a boulder beetle
     1 | D        | Noticed a boulder beetle
     4 | D        | Noticed a necrophage
     4 | D        | Noticed a necrophage
     4 | D        | Noticed a necrophage
     4 | D        | Noticed a necrophage
     8 | D        | Killed a necrophage
     9 | D        | Reached skill level 7 in Axes
     9 | D        | Reached XP level 2. HP: 34/34 MP: 1/1
     9 | D        | Reached XP level 3. HP: 39/39 MP: 2/2
     9 | D        | Reached XP level 4. HP: 47/47 MP: 3/3
     9 | D        | Killed a necrophage
    10 | D        | Reached skill level 9 in Axes
    10 | D        | Reached XP level 5. HP: 56/56 MP: 4/4
    14 | D        | Killed a necrophage
    14 | D        | Reached ** piety under Trog
    15 | D        | Reached skill level 10 in Axes
    15 | D        | Reached skill level 5 in Armour
    21 | D        | Killed a necrophage
    22 | D        | Reached skill level 10 in Fighting
    22 | D        | Reached skill level 5 in Dodging
    22 | D        | Reached XP level 6. HP: 67/67 MP: 5/5
    74 | D        | Noticed a merfolk siren
    89 | D        | Killed a merfolk siren
    90 | D        | Reached skill level 12 in Axes
    90 | D        | Reached XP level 7. HP: 48/78 MP: 6/6
   224 | D        | Reached *** piety under Trog
   236 | D        | Found Fubreril's Distillery.
   236 | D        | Found Huradu Xysy's Jewellery Boutique.
   236 | D        | Found Wergh's Magic Scroll Shop.
   236 | D        | Found Coomnet's Jewellery Shop.
   236 | D        | Found Lokhee Lumu's Weapon Boutique.
   236 | D        | Found Taub's Jewellery Boutique.
   236 | D        | Found Inuggim's Antique Weapon Shop.
   237 | D        | Found Doviuty's Antique Armour Shop.
   238 | D        | Found Ekluha's Armour Boutique.
   238 | D        | Found Lyjefops's Distillery.
   238 | D        | Found Kicwol's Antique Armour Boutique.
   238 | D        | Noticed Menkaure
   238 | D        | Noticed a cane toad
   249 | D        | Killed Menkaure
   249 | D        | Reached **** piety under Trog
   250 | D        | Reached skill level 13 in Axes
   284 | D        | Found Wunaggyk's Armour Shop.
   284 | D        | Found Ucwyse's Magic Scroll Boutique.
   284 | D        | Noticed a cane toad
   284 | D        | Noticed an oklob plant
   285 | D        | Found Gotyschiele's Book Boutique.
   285 | D        | Found Douweso's Book Shoppe.
   286 | D        | Noticed an iron elemental
   453 | D        | Noticed a manticore
   454 | D        | Bought a shiny chain mail for 135 gold pieces
   466 | D        | Noticed a manticore
   476 | D        | Bought the ring "Igifecirch" {Fly rPois rN+} for 432 gold
                  | pieces
   498 | D        | Found a snail-covered altar of Cheibriados.
   499 | D        | Found a shadowy altar of Dithmenos.
   499 | D        | Found a viscous altar of Jiyva.
   500 | D        | Found a white marble altar of Elyvilon.
   500 | D        | Found an ancient bone altar of Kikubaaqudgha.
   501 | D        | Found a blossoming altar of Fedhas.
   501 | D        | Found a corrupted altar of Lugonu.
   501 | D        | Found a shimmering blue altar of Sif Muna.
   502 | D        | Found an opulent altar of Gozag.
   502 | D        | Found a burning altar of Makhleb.
   502 | D        | Found a bloodstained altar of Trog.
   503 | D        | Found a sparkling altar of Nemelex Xobeh.
   503 | D        | Found a hide-covered altar of Uskayaw.
   504 | D        | Found an iron altar of Okawaru.
   504 | D        | Found a radiant altar of Vehumet.
   504 | D        | Found a glowing silver altar of Zin.
   505 | D        | Noticed a yaktaur
   505 | D        | Noticed a hornet
   505 | D        | Noticed a polar bear
   505 | D        | Noticed a polar bear
   508 | D        | Killed a polar bear
   509 | D        | Reached XP level 8. HP: 86/86 MP: 7/7
   509 | D        | Noticed a polar bear
   516 | D        | Killed a polar bear
   517 | D        | Reached skill level 14 in Axes
   518 | D        | Paralysed by a hornet for 2 turns
   524 | D        | Killed a hornet
   524 | D        | Reached ***** piety under Trog
   525 | D        | Reached skill level 15 in Axes
   530 | D        | Slain by a polar bear

Illustrated notes

Levels and vault maps discovered:
D:        the_violet_keep_of_menkaure [sprint2_stairs_cluster_1,
          sprint2_shoproom, sprint2_temple, sprint2_basic_supplies,
          sprint2_obstacle_5, sprint2_obstacle_4, sprint2_obstacle_2,
          sprint2_obstacle_6, sprint2_obstacle_3, sprint2_timed_cluster_1,
          sprint2_smallroom_cluster_1, sprint2_smallroom_final_cluster_1,
          sprint2_transparent_cluster_1, sprint2_second_timed_cluster_1,
          sprint2_sniper_area_1, sprint2_heavy_combat_area_1,
          sprint2_mutation_trap_area_1, sprint2_forest_area_1,
          sprint2_light_combat_area_1, sprint2_behind_water_1,
          sprint2_near_end_vault_1]

Skill      XL: |  1  2  3  4  5  6  7  8 |
---------------+-------------------------+-----
Fighting       | 7 8 10 12 13 14 | 14.0
Axes           | 7 9 10 12 13 15 | 15.0
Armour         | 4 5 6 7 |  7.9
Dodging        | 3 4 5 6 7 |  7.4

Action                   |  1- 3 |  4- 6 |  7- 9 || total
-------------------------+-------+-------+-------++-------
Melee: Hand axe          |     3 |    22 |    37 ||    62
       Headbutt          |     1 |     2 |    13 ||    16
       Punch             |       |       |     1 ||     1
Invok: Berserk           |     1 |       |     1 ||     2
  Use: Potion            |       |       |     1 ||     1
Armor: Animal skin       |       |     1 |     1 ||     2
       Chain mail        |       |       |    29 ||    29
Dodge: Dodged            |     1 |     6 |    20 ||    27
